 Dungeon Crawl Stone Soup version 0.20-a0-1078-g4874019 (webtiles) character file.

9587 Murumi the Unseen (level 11, -3/77 HPs)
             Began as a Vampire Enchanter on Apr 30, 2017.
             Was an Elder of Dithmenos.
             Killed from afar by a red draconian (34 damage)
             ... with a searing blast
             ... in a volcano.
             The game lasted 00:53:22 (11455 turns).

Murumi the Unseen (Vampire Enchanter)              Turns: 11455, Time: 00:53:23

Health: -3/77      AC:  8    Str:  7    XL:     11   Next: 25%
Magic:  5/17       EV: 24    Int: 18    God:    Dithmenos [****..]
Gold:   462        SH:  0    Dex: 18    Spells: 7/18 levels left

rFire    . . .     SeeInvis +   a - +1 dagger
rCold    + . .     Gourm    .   (no shield)
rNeg     + + .     Faith    .   u - +2 robe {Archmagi}
rPois    +         Spirit   .   (helmet restricted)
rElec    .         Reflect  .   v - -1 cloak (curse)
rCorr    .         Harm     .   i - +2 pair of gloves
MR       +....     Rnd*Tele +   t - +0 pair of boots
Stlth    ++++++++++             (no amulet)
Regen    0.2/turn               e - ring of teleportation (curse)
MPRegen  0.2/turn               x - ring of Phasing {EV+8}

@: regenerating slowly, wreathed by umbra
A: fangs 3, horns 2, talons 1, see invisible, unbreathing
a: Bat Form, Shadow Step, Renounce Religion


You were in a volcano.
You worshipped Dithmenos.
Dithmenos was greatly pleased with you.
You were near bloodless.

You visited 2 branches of the dungeon, and saw 9 of its levels.
You also visited: Volcano.

You collected 462 gold pieces.

Inventory:

Hand Weapons
 a - a +1 dagger (weapon)
Armour
 i - a +2 pair of gloves (worn)
 k - a +0 helmet
 r - a +0 buckler
 t - a +0 pair of boots (worn)
 u - a +2 robe of the Archmagi (worn)
 v - a cursed -1 cloak (worn)
Jewellery
 e - a cursed ring of teleportation (left hand)
 l - an uncursed ring of resist corrosion
 m - a +2 ring of evasion
 o - an uncursed ring of flight
 q - an uncursed ring of wizardry
 x - the ring of Phasing (right hand) {EV+8}
   (You found it on level 7 of the Dungeon)

   [ring of evasion]

   It affects your evasion (+8).
Scrolls
 f - 2 scrolls of teleportation
 p - a scroll of amnesia
Potions
 b - a potion of mutation
 d - 29 potions of blood
 h - a potion of brilliance
 j - 3 potions of heal wounds
 n - 5 potions of curing
Books
 c - a book of Maledictions

   Spells                             Type                      Level
   a - Corona                         Hexes                        1
   b - Ensorcelled Hibernation        Hexes/Ice                    2
   c - Confuse                        Hexes                        3
   d - Tukima's Dance                 Hexes                        3
   e - Dazzling Spray                 Conjuration/Hexes            3
 s - a book of Conjurations

   Spells                             Type                      Level
   a - Magic Dart                     Conjuration                  1
   b - Searing Ray                    Conjuration                  2
   c - Dazzling Spray                 Conjuration/Hexes            3
   d - Fulminant Prism                Conjuration/Hexes            4
   e - Force Lance                    Conjuration/Translocation    4
   f - Iskenderun's Mystic Blast      Conjuration                  4


   Skills:
 - Level 4.1 Fighting
 - Level 6.1 Short Blades
 - Level 6.1 Dodging
 + Level 17.5 Stealth
 - Level 4.3 Spellcasting
 - Level 12.3 Hexes


You had 7 spell levels left.
You knew the following spells:

 Your Spells              Type           Power        Failure   Level  Hunger
a - Dazzling Spray        Conj/Hex       #####.       3%          3    ###....
b - Ensorcelled Hibernat  Hex/Ice        #####.       1%          2    ##.....
c - Confuse               Hex            ######..     1%          3    ###....
d - Tukima's Dance        Hex            ######..     1%          3    ###....


Dungeon Overview and Level Annotations

Branches:
Dungeon (8/15)             Temple (0/1) D:5            Lair (1/6) D:8

Altars:
Ashenzari
Cheibriados
Dithmenos
Elyvilon
Fedhas
Makhleb
Qazlal
Trog
Yredelemnul
The Shining One

Shops:
D:4 *


Innate Abilities, Weirdness & Mutations

You heal slowly.
You have razor-sharp teeth.
You have supernaturally acute eyesight. (SInv)
You can survive without breathing.
You have a pair of horns on your head.
You have sharp toenails.


Message History

Aiming: Ensorcelled Hibernation
Press: ? - help, Shift-Dir - straight line, f/p - salamander
Aim: a salamander (umbra, chance to defeat MR: 50%)
You feel a surge of power!
The salamander resists with some effort.
The salamander misses you.
Something hits the salamander!
The red draconian completely misses you.
Casting: Ensorcelled Hibernation
Confirm with . or Enter, or press ? or * to list all spells.
Aiming: Ensorcelled Hibernation
Press: ? - help, Shift-Dir - straight line, f/p - salamander
Aim: a salamander (lightly wounded, umbra, chance to defeat MR: 50%)
You feel a surge of power!
The salamander resists with some effort.
You feel almost devoid of blood! The salamander misses you.
Something barely misses the salamander.
The red draconian breathes flames at you.
The searing blast hits the salamander.
The salamander completely resists.
The searing blast hits you!
You die...

##≈≈## ##.§ #§§§≈##
##.≈≈ #≈§≈.!# #..§≈
##≈≈.)[## #...≈
#≈≈.$!$[ #...§ #≈≈§N..
##..§ #≈(.d# ##.. ##N#
#... ##@## ### ##).
#..####.###### ##.≈
#...##..##...###.##
#.............#.##
###§...≈.≈.§.....###
##.....≈≈§≈§§≈≈.....##
#....§§§§≈≈≈≈≈≈≈.....#
#....≈≈§≈≈§≈≈≈≈.....##
##....≈≈≈§≈≈≈≈≈≈§.....#


You could see a red draconian and a salamander.

Vanquished Creatures
  The ghost of emsyzz the Thaumaturge, a journeyman DEFE of Kikubaaqudgha (Volcano)
  A hydra (Lair:1)
  A two-headed ogre (D:6)
  A salamander mystic (Volcano)
  Pikel (D:5)
  3 salamanders (Volcano)
  Grinder (D:6)
  A hippogriff (D:7)
  Sigmund (D:3)
  6 yaks
  2 hungry ghosts (D:8)
  Duvessa (D:6)
  5 porcupines (D:8)
  2 orc warriors (D:6)
  An ice beast (D:7)
  2 black bears (D:8)
  4 centaurs
  3 ogres
  The ghost of bezhaha the Cutter, an amateur DgEn (D:3)
  A crocodile (D:8)
  2 bullfrogs (D:6)
  Dowan (D:6)
  2 scorpions
  3 wights (D:8)
  6 howler monkeys
  A crimson imp (D:6)
  Crazy Yiuf (D:5)
  A quasit (D:8)
  4 jellies
  7 orc priests
  3 hounds
  9 orc wizards
  A centaur skeleton (D:5)
  4 worker ants
  A killer bee zombie (D:7)
  A hound zombie (D:6)
  2 hound skeletons (D:5)
  Robin (D:3)
  5 gnolls
  11 adders
  2 shadow imps
  3 oozes
  2 dart slugs (D:1)
  5 leopard geckos
  43 orcs
  5 bats
  6 giant cockroaches
  13 goblins
  14 hobgoblins
  5 jackals
  12 kobolds
  6 quokkas
  3 frilled lizards
  A quokka skeleton (D:5)
  7 rats
232 creatures vanquished.

Vanquished Creatures (collateral kills)
  A salamander (Volcano)
  A wight (D:8)
  A worker ant (D:5)
  2 orcs (D:6)
5 creatures vanquished.

Vanquished Creatures (others)
  2 dancing weapons
  2 slaves (D:5)
  A centaur (D:5)
  A scorpion (D:5)
  An adder (D:8)
  A quokka (D:7)
  21 fungi
  4 plants (D:8)
33 creatures vanquished.

Grand Total: 270 creatures vanquished

Notes
Turn   | Place    | Note
-------+----------+-------------------------------------------
     0 | D:1      | Murumi the Vampire Enchanter began the quest for the Orb.
     0 | D:1      | Reached XP level 1. HP: 13/13 MP: 3/3
   107 | D:1      | Reached skill level 5 in Stealth
   341 | D:1      | Reached XP level 2. HP: 8/20 MP: 1/5
   345 | D:1      | Learned a level 2 spell: Ensorcelled Hibernation
   542 | D:1      | Reached skill level 1 in Fighting
  1503 | D:2      | Reached skill level 6 in Stealth
  1503 | D:2      | Reached XP level 3. HP: 23/26 MP: 3/6
  1686 | D:2      | Learned a level 3 spell: Confuse
  1916 | D:2      | Reached skill level 7 in Stealth
  2162 | D:3      | Found a shadowy altar of Dithmenos.
  2186 | D:3      | Reached XP level 4. HP: 26/32 MP: 4/7
  2212 | D:3      | HP: 2/48 [orc/whip (3)]
  2240 | D:3      | Reached XP level 5. HP: 6/37 MP: 4/8
  2246 | D:3      | Learned a level 3 spell: Tukima's Dance
  2252 | D:3      | Became a worshipper of Dithmenos the Shadowed
  2482 | D:3      | Reached skill level 8 in Stealth
  2511 | D:3      | Noticed Robin
  2727 | D:3      | Reached skill level 9 in Stealth
  3266 | D:3      | Noticed bezhaha's ghost (amateur DgEn)
  3290 | D:3      | Killed bezhaha's ghost
  3290 | D:3      | Reached XP level 6. HP: 17/43 MP: 0/9
  3421 | D:3      | Reached skill level 10 in Stealth
  3653 | D:3      | Found a bloodstained altar of Trog.
  3698 | D:3      | Noticed Sigmund
  3768 | D:3      | Killed Sigmund
  3918 | D:3      | Reached * piety under Dithmenos
  3971 | D:3      | Killed Robin
  3971 | D:3      | Reached skill level 5 in Hexes
  3971 | D:3      | Reached XP level 7. HP: 28/52 MP: 0/10
  4571 | D:4      | Found a stormy altar of Qazlal.
  4839 | D:4      | Found Satitu's General Store.
  5776 | D:5      | Entered Level 5 of the Dungeon
  5871 | D:5      | Noticed Pikel
  5873 | D:5      | Killed Pikel
  5873 | D:5      | Reached ** piety under Dithmenos
  5873 | D:5      | Reached skill level 13 in Stealth
  5873 | D:5      | Reached XP level 8. HP: 58/58 MP: 11/11
  5887 | D:5      | Learned a level 3 spell: Dazzling Spray
  6671 | D:5      | Found a staircase to the Ecumenical Temple.
  7243 | D:5      | Found a runed door.
  7247 | D:5      | Noticed Crazy Yiuf
  7251 | D:5      | Killed Crazy Yiuf
  7304 | D:6      | Found a shattered altar of Ashenzari.
  7395 | D:6      | Noticed Grinder
  7400 | D:6      | Killed Grinder
  7400 | D:6      | Reached skill level 5 in Dodging
  7440 | D:6      | Reached XP level 9. HP: 63/63 MP: 12/12
  7710 | D:6      | Found a blossoming altar of Fedhas.
  7711 | D:6      | Noticed Dowan
  7712 | D:6      | Noticed Duvessa
  7718 | D:6      | Killed Dowan
  7829 | D:6      | Killed Duvessa
  8251 | D:6      | Reached *** piety under Dithmenos
  8348 | D:6      | Noticed a two-headed ogre
  8354 | D:6      | Killed a two-headed ogre
  8354 | D:6      | Reached skill level 14 in Stealth
  8461 | D:6      | Reached skill level 15 in Stealth
  8781 | D:7      | Found a snail-covered altar of Cheibriados.
  8809 | D:7      | Reached skill level 5 in Short Blades
  9357 | D:7      | Reached XP level 10. HP: 70/70 MP: 15/15
  9525 | D:7      | Reached **** piety under Dithmenos
  9578 | D:7      | You fall through a shaft!
  9606 | D:8      | Gained mutation: You have sharp toenails. [potion of mutation]
  9606 | D:8      | Gained mutation: You have a pair of small horns on your head. [potion of mutation]
  9606 | D:8      | Gained mutation: You have a pair of horns on your head. [potion of mutation]
  9888 | D:8      | Found a staircase to the Lair.
 10129 | D:8      | Reached skill level 16 in Stealth
 10243 | D:7      | Found a burning altar of Makhleb.
 10282 | D:7      | Found a white marble altar of Elyvilon.
 10433 | D:8      | Found a basalt altar of Yredelemnul.
 10442 | D:8      | Found a glowing golden altar of the Shining One.
 10714 | D:8      | Found a stormy altar of Qazlal.
 10947 | Lair:1   | Entered Level 1 of the Lair of Beasts
 10972 | Lair:1   | Reached skill level 17 in Stealth
 11082 | Lair:1   | Noticed an eight-headed hydra
 11088 | Lair:1   | Killed an eight-headed hydra
 11088 | Lair:1   | Reached skill level 10 in Hexes
 11098 | Lair:1   | Found a dark tunnel.
 11103 | Volcano  | Entered a volcano
 11111 | Volcano  | Noticed emsyzz's ghost (journeyman DEFE)
 11118 | Volcano  | Noticed a salamander
 11142 | Volcano  | Noticed a salamander
 11142 | Volcano  | Noticed a salamander
 11158 | Volcano  | Killed emsyzz's ghost
 11158 | Volcano  | Reached XP level 11. HP: 72/77 MP: 10/17
 11164 | Volcano  | Noticed a salamander mystic
 11168 | Volcano  | Killed a salamander mystic
 11447 | Volcano  | Noticed a red draconian
 11455 | Volcano  | Killed from afar by a red draconian

Vault maps used:
D:1:      minmay_arrival_jagged, kennysheep_decorative_pillar
D:2:      first_bread
D:3:      bloody_trog, overflow_temple_1_default, wad_floor_pattern_untrapped,
          uniq_sigmund, uniq_robin
D:4:      serial_shops, nicolae_shop_crystal, grunt_ministairs_5,
          grunt_qazlal_clouds
D:5:      minmay_temple_entry_crystal_x, fountainhead, uniq_pikel,
          uniq_crazy_yiuf_cottage
D:6:      cheibrodos_barr_body, nicolae_ashenzari_panopticon, fedhas_altar_1,
          uniq_grinder, uniq_duvessa
D:7:      cheibrodos_helix_gallery, nicolae_overflow_crystal_walls, basic_altar,
          elyvilon_altar_4
D:8:      grunt_temple_overflow_holy_war, kennysheep_mini,
          due_lair_maze_entry_diamond
Lair:1:   enter_volcano_4
Volcano:  volcano_pools

Skill      XL: |  1  2  3  4  5  6  7  8  9 10 11 |
---------------+----------------------------------+-----
Stealth        | 5 6 7 9 10 13 15 17 | 17.5
Fighting       | 1 3 4 |  4.1
Short Blades   | 2 3 4 5 6 |  6.1
Hexes          | 5 6 9 11 12 | 12.3
Dodging        | 3 6 |  6.1
Spellcasting   | 3 4 |  4.3

Action                   |  1- 3 |  4- 6 |  7- 9 | 10-12 || total
-------------------------+-------+-------+-------+-------++-------
Melee: Dagger            |    94 |   158 |   179 |    80 ||   511
       Bite              |     7 |     9 |     7 |     2 ||    25
       Headbutt          |       |       |       |     6 ||     6
 Cast: Corona            |     4 |       |       |       ||     4
       Ensorcelled Hiber |    16 |    36 |    96 |    32 ||   180
       Confuse           |       |     2 |     6 |    11 ||    19
       Tukima's Dance    |       |       |    13 |     9 ||    22
 Abil: End Transformatio |       |       |     1 |       ||     1
       Bat Form          |       |       |     1 |       ||     1
  Use: Scroll            |     5 |     1 |     7 |     5 ||    18
       Potion            |       |     7 |     2 |     4 ||    13
 Stab: Sleeping          |    25 |    23 |    93 |    33 ||   174
       Distracted        |       |     3 |     5 |     3 ||    11
       Confused          |       |     2 |     5 |     6 ||    13
  Eat: Corpse            |     1 |       |       |       ||     1
Armor: Robe              |    13 |    20 |    19 |     8 ||    60
Dodge: Dodged            |    38 |    82 |   118 |    47 ||   285
